 Dungeon Crawl Stone Soup version 0.18.1-8-gdd0e5ea (webtiles) character file.

94 juanjsm the Insei (level 4, -1/28 HPs)
             Began as an Octopode Transmuter on June 7, 2016.
             Slain by a hobgoblin (4 damage)
             ... on level 3 of the Dungeon.
             The game lasted 00:05:20 (1325 turns).

juanjsm the Insei (Octopode Transmuter)             Turns: 1325, Time: 00:05:20

Health: -1/28      AC:  1    Str:  9    XL:     4   Next: 63%
Magic:  6/8        EV: 12    Int: 16    God:
Gold:   40         SH:  0    Dex: 12    Spells: 3 memorised, 2 levels left

rFire  . . .     SeeInvis .       - Unarmed
rCold  . . .     Gourm    .     (no shield)
rNeg   . . .     Faith    .     (helmet restricted)
rPois  .         Spirit   .     (no amulet)
rElec  .         Dismiss  .     (no ring)
rCorr  .         Reflect  .     (no ring)
SustAt .         Harm     .     (no ring)
MR     .....                    (no ring)
Stlth  +++.......               (no ring)
                                (no ring)
                                (no ring)
                                (no ring)

@: lethally poisoned (-1 -> -4), exhausted, slowed, very slow, not resistant to
hostile enchantments, fairly stealthy
A: almost no armour, amphibious, 8 rings, constrict 8, camouflage 1, gelatinous
body 1
a: no special abilities


You were on level 3 of the Dungeon.
You were not hungry.

You visited 1 branch of the dungeon, and saw 3 of its levels.

You collected 40 gold pieces.

Inventory:

Missiles
 a - 34 arrows
Scrolls
 e - a scroll of remove curse
 g - a scroll of enchant armour {unknown}
 j - a scroll of blinking {unknown}
 k - a scroll of identify {unknown}
 l - a scroll of magic mapping {unknown}
Books
 b - a book of Changes

   Spells                             Type                      Level
   a - Beastly Appendage              Transmutation                1
   b - Sticks to Snakes               Transmutation                2
   c - Spider Form                    Transmutation/Poison         3
   d - Ice Form                       Ice/Transmutation            4
   e - Blade Hands                    Transmutation                5
Comestibles
 c - a bread ration
 f - a slice of pizza
 h - a meat ration
 m - 4 fruits
 n - 5 chunks of flesh


   Skills:
 + Level 1.6 Fighting
 + Level 2.2 Dodging
 + Level 1.1 Stealth
 + Level 3.8 Unarmed Combat
 + Level 2.9 Spellcasting
 + Level 2.4 Transmutations


You had 2 spell levels left.
You knew the following spells:

 Your Spells              Type           Power        Failure   Level  Hunger
a - Beastly Appendage     Trmt           ##....       10%         1    #......
b - Sticks to Snakes      Trmt           ##......     12%         2    ##.....
c - Spider Form           Trmt/Pois      #.........   38%         3    ###....


Dungeon Overview and Level Annotations

Branches:
Dungeon (3/15)

Altars:


Innate Abilities, Weirdness & Mutations

You cannot wear most types of armour.
You are amphibious.
You can wear up to eight rings at the same time.
You can use your tentacles to constrict eight enemies at once.
Your skin changes colour to match your surroundings (Stealth).
Your rubbery body absorbs attacks (AC +1).


Message History

You feel a strong urge to attack something.
You feel your anger subside.
You are no longer berserk.
You are exhausted.
You feel yourself slow down.
You see here 15 gold pieces.
You now have 40 gold pieces (gained 15).
* * * LOW HITPOINT WARNING * * *
You feel sick.
Read which item? (? for menu, Esc to quit)
As you read the scroll labeled QIMADI GIBE, it crumbles to dust.
You hear a loud clanging noise!
It was a scroll of noise.
You hear a shout!
You hear a bark! x2
A hobgoblin comes into view.
Read which item? (? for menu, Esc to quit)
As you read the scroll labeled JUASSYCR NURGH, it crumbles to dust.
You feel blessed for a moment.
It was a scroll of remove curse.
* * * LOW HITPOINT WARNING * * *
You feel sick. The hobgoblin hits you.
You die...

## ## ... ..
#.# #. #.##.##
#.#.#. #...##
#g..# #.@#
#..####### #.
#.........
#..###..#######
#...<..#
#........#
#.######..#
#.... ##.###


You could see a hobgoblin.

Vanquished Creatures
  Jessica (D:2)
  2 adders (D:3)
  An ooze (D:1)
  3 dart slugs
  2 giant cockroaches
  5 goblins
  9 hobgoblins
  2 jackals (D:2)
  3 kobolds (D:1)
  A quokka (D:2)
  4 bats
  3 giant newts
  2 rats (D:1)
38 creatures vanquished.

Vanquished Creatures (collateral kills)
  A jackal (D:2)
1 creature vanquished.

Grand Total: 39 creatures vanquished

Notes
Turn   | Place    | Note
--------------------------------------------------------------
     0 | D:1      | juanjsm the Octopode Transmuter began the quest for the Orb.
     0 | D:1      | Reached XP level 1. HP: 13/13 MP: 3/3
   297 | D:1      | Reached XP level 2. HP: 18/18 MP: 3/5
   301 | D:1      | Learned a level 2 spell: Sticks to Snakes
   624 | D:1      | Reached XP level 3. HP: 3/23 MP: 4/6
   983 | D:1      | You fall through a shaft!
  1268 | D:2      | Noticed Jessica
  1275 | D:2      | Learned a level 3 spell: Spider Form
  1286 | D:2      | Killed Jessica
  1286 | D:2      | Reached skill level 1 in Stealth
  1286 | D:2      | Reached XP level 4. HP: 13/28 MP: 2/8
  1325 | D:3      | Slain by a hobgoblin

Skill      XL: |  1  2  3 |
---------------+----------+-----
Stealth        | 1 |  1.1
Fighting       | |  1.6
Dodging        | |  2.2
Unarmed Combat | |  3.8
Spellcasting   | |  2.9
Transmutations | |  2.4

Action                   |  1- 3 |  4- 6 || total
-------------------------+-------+-------++-------
Melee: Unarmed           |    70 |     8 ||    78
       Constrict         |    21 |     2 ||    23
       Tentacles         |    11 |       ||    11
       Kick              |     9 |     1 ||    10
       Punch             |     1 |       ||     1
 Cast: Beastly Appendage |    20 |       ||    20
       Sticks to Snakes  |     1 |       ||     1
  Use: Potion            |     1 |     1 ||     2
       Scroll            |       |     2 ||     2
 Stab: Sleeping          |     8 |     1 ||     9
  Eat: Chunk             |       |     2 ||     2
Armor: Skin              |     5 |     1 ||     6
Dodge: Dodged            |    35 |     5 ||    40
